 Dungeon Sprint DCSS version 0.31-a0-1-g4198be8af4 (webtiles) character file.

Game seed: 11092781175653696235

6251 sircluck the Brawler (level 10, -7/114 HPs)
             Began as a Troll Berserker on May 2, 2023.
             Was a High Priest of Trog.
             Mangled by a minotaur
             ... wielding a +0 dagger
              (12 damage)
             ... in the Dungeon (Sprint VII: "The Pits").
             The game lasted 00:04:04 (1074 turns).

sircluck the Brawler (Troll Berserker)              Turns: 1074, Time: 00:04:04

Health: -7/114     AC:  5    Str: 34    XL:     10   Next: 62%
Magic:  9/9        EV: 14    Int:  3    God:    Trog [*****.]
Gold:   0          SH:  0    Dex: 12    Spells: 9/9 levels left

rFire   . .          .
                       - Unarmed
rCold   . . .        (no shield)
rNeg    . . .        a - +0 animal skin
rPois   .            (helmet restricted)
rElec   .            n - +0 cloak
rCorr   .            (gloves unavailable)
SInv    .            (boots unavailable)
Will    .....        (no amulet)
Stlth   +            l - +3 ring of strength
HPRegen 1.19/turn    m - +3 ring of dexterity
MPRegen 0.11/turn

%: no teleportation
@: no status effects
A: large, unfitting armour, claws 3, regeneration 1, shaggy fur 1, tough skin 1
a: Renounce Religion, Berserk, Trog's Hand, Brothers in Arms


You were in the Dungeon.
You worshipped Trog.
Trog was extremely pleased with you.
You visited 1 branch

Inventory:

Missiles
 g - 5 javelins
 j - 13 stones (quivered)
Armour
 a - a +0 animal skin (worn)
 n - a +0 cloak (worn)
Jewellery
 l - a +3 ring of strength (left claw)
 m - a +3 ring of dexterity (right claw)
Potions
 b - 7 potions of curing
 c - 9 potions of heal wounds
 d - a potion of haste
 e - 4 potions of magic
 f - 4 potions of berserk rage
 h - 2 potions of invisibility
 k - a potion of cancellation {unknown}


   Skills:
 + Level 11.5 Fighting
 + Level 1.7 Throwing
 + Level 11.2 Dodging
 + Level 0.7 Stealth
 + Level 17.8 Unarmed Combat


You had 9 spell levels left.
You didn't know any spells.
Your spell library was empty.

Dungeon Overview and Level Annotations

Branches:
Dungeon (1/1)

Altars:
Ashenzari
Cheibriados
Dithmenos
Elyvilon
Fedhas
Gozag
Hepliaklqana
Kikubaaqudgha
Makhleb
Nemelex Xobeh
Okawaru
Qazlal
Ru
Sif Muna
Trog
Uskayaw
Vehumet
Wu Jian
Xom
Yredelemnul
Zin
The Shining One
Jiyva
Lugonu


Innate Abilities, Weirdness & Mutations

You are too large for most types of armour.
You have claws for hands.
Your natural rate of healing is unusually fast.
You are covered in fur. (AC +1)
You have tough skin. (AC +1)


Message History

Your butterfly disappears in a burst of colours!
The sky beast hits your butterfly.
Your butterfly dies!
Your butterfly disappears in a burst of colours!
You swap places.
The hell rat barely misses your butterfly.
The minotaur hits your butterfly with a +0 dagger!
Your butterfly dies!
Your butterfly disappears in a burst of colours!
The sky beast flickers out of sight!
Deactivating autopickup; reactivate with Ctrl-A.
Something barely misses your butterfly.
There is an open door here.
Items here: )) [ †.
You swap places.
There is a broken door here.
You see here a +0 plate armour.
Items here: ) / [ †.
There is a broken door here.
There is an open door here.
You see here a +2 plate armour.
There is an open door here.
You swap places.
There is an open door here.
You see here a +2 plate armour.
You close the door.
You start resting.
A minotaur opens the door.
It is wielding a +0 dagger.
The minotaur hits you with a +0 dagger!!
The minotaur gores you but does no damage.
There is an open door, spattered with blood here.
You are too injured to fight recklessly!
You are too injured to fight recklessly!
You barely miss the minotaur. You scratch the minotaur.
The minotaur is lightly wounded.
The minotaur hits you with a +0 dagger!!
* * * LOW HITPOINT WARNING * * *
The minotaur gores you!
You die...

##########.##)..b.........
#........bb)'H){..........
#'#####'#####.brbb.#..#...
#.#...)b#..##.bbb.........
#.#...)b#))#####b#####''##
#.###'###))##.......##''##
#.#..H[.#))##.......##....
#.#...).#[[##.......##....
#.####'##@###...<...##...#
#)#....rH..##.......##..##
#.#........##.......##..#
#'###########.......##..#
#...)...#..###########..+
#.###...#.############..#
#.#.....#)#....#..[[##..#
#.#...#.#'#....#...[##..##
#.....#.#÷'....'..))##...#


You could see a minotaur and a hell rat.

Vanquished Creatures
  A minotaur (D)
  A fire crab (D)
  A deep elf pyromancer (D)
  An orc knight (D)
  A demonic crawler (D)
  A molten gargoyle (D)
  A rime drake (D)
  Grinder (D)
  A wyvern (D)
  2 wargs (D)
  2 floating eyes (D)
  An orc warrior (D)
  A black bear (D)
  An ice beast (D)
  A wolf (D)
  A centaur (D)
  A phantom (D)
  A gnoll sergeant (D)
  2 iguanas (D)
  An endoplasm (D)
  A hobgoblin (D)
  A kobold (D)
  A ball python zombie (D)
  2 frilled lizards (D)
  3 goblins (D)
31 creatures vanquished.

Vanquished Creatures (collateral kills)
  A death knight (D)
  A two-headed ogre (D)
  A sea snake (D)
  A hellwing (D)
  A hell rat (D)
  An orc (D)
6 creatures vanquished.

Grand Total: 37 creatures vanquished

Notes
Turn   | Place    | Note
-------+----------+-------------------------------------------
     0 | D        | sircluck the Troll Berserker began the quest for the Orb.
     0 | D        | Reached XP level 1. HP: 22/22 MP: 0/0
    43 | D        | Found a bloodstained altar of Trog.
    43 | D        | Found a shimmering blue altar of Sif Muna.
    43 | D        | Found a viscous altar of Jiyva.
    43 | D        | Found a hazy altar of Hepliaklqana.
    43 | D        | Found an opulent altar of Gozag.
    44 | D        | Found a glowing golden altar of the Shining One.
    44 | D        | Found a glowing silver altar of Zin.
    44 | D        | Found a basalt altar of Yredelemnul.
    44 | D        | Found a shimmering altar of Xom.
    44 | D        | Found an ornate altar of the Wu Jian Council.
    44 | D        | Found a sacrificial altar of Ru.
    44 | D        | Found a stormy altar of Qazlal.
    44 | D        | Found an iron altar of Okawaru.
    44 | D        | Found a sparkling altar of Nemelex Xobeh.
    44 | D        | Found a burning altar of Makhleb.
    44 | D        | Found a blossoming altar of Fedhas.
    44 | D        | Found a white marble altar of Elyvilon.
    44 | D        | Found a shadowy altar of Dithmenos.
    44 | D        | Found a snail-covered altar of Cheibriados.
    47 | D        | Found a corrupted altar of Lugonu.
    47 | D        | Found a radiant altar of Vehumet.
    48 | D        | Found an ancient bone altar of Kikubaaqudgha.
    48 | D        | Found a hide-covered altar of Uskayaw.
    48 | D        | Found a broken altar of Ashenzari.
    76 | D        | Reached ** piety under Trog
    80 | D        | Noticed a floating eye
    83 | D        | Paralysed by a floating eye for 3 turns
    88 | D        | Killed a floating eye
    89 | D        | Reached skill level 6 in Unarmed Combat
    89 | D        | Reached XP level 2. HP: 33/33 MP: 1/1
    89 | D        | Reached XP level 3. HP: 40/40 MP: 2/2
    89 | D        | Reached XP level 4. HP: 49/49 MP: 3/3
    93 | D        | Noticed a floating eye
    95 | D        | Paralysed by a floating eye for 3 turns
   100 | D        | Killed a floating eye
   100 | D        | Reached *** piety under Trog
   101 | D        | Reached skill level 5 in Fighting
   101 | D        | Reached skill level 5 in Dodging
   101 | D        | Reached skill level 7 in Unarmed Combat
   101 | D        | Reached XP level 5. HP: 58/59 MP: 4/4
   148 | D        | Noticed a centaur
   148 | D        | Noticed an ice beast
   149 | D        | Noticed a warg
   164 | D        | Killed a warg
   165 | D        | Reached skill level 8 in Unarmed Combat
   165 | D        | Reached XP level 6. HP: 36/68 MP: 5/5
   166 | D        | Reached **** piety under Trog
   167 | D        | Reached skill level 9 in Unarmed Combat
   169 | D        | Killed an ice beast
   176 | D        | Reached skill level 10 in Unarmed Combat
   190 | D        | Reached XP level 7. HP: 42/78 MP: 6/6
   212 | D        | Noticed Grinder
   213 | D        | Paralysed by Grinder for 2 turns
   216 | D        | Killed Grinder
   216 | D        | Reached ***** piety under Trog
   217 | D        | Reached skill level 11 in Unarmed Combat
   223 | D        | Noticed a rime drake
   229 | D        | Killed a rime drake
   238 | D        | Reached XP level 8. HP: 37/89 MP: 7/7
   241 | D        | Reached skill level 12 in Unarmed Combat
   524 | D        | Noticed a sea snake
   524 | D        | Noticed a hellwing
   529 | D        | Killed a hellwing
   530 | D        | Reached skill level 13 in Unarmed Combat
   531 | D        | Killed a sea snake
   532 | D        | Reached XP level 9. HP: 101/101 MP: 8/8
   542 | D        | Found the +8 demon blade "Leech" {evervamp, Harm Drain rN+}
   633 | D        | Noticed a demonic crawler
   650 | D        | Killed a demonic crawler
   651 | D        | Reached skill level 14 in Unarmed Combat
   653 | D        | Reached skill level 10 in Fighting
   726 | D        | Noticed a molten gargoyle
   727 | D        | Noticed a deep elf pyromancer
   759 | D        | Killed a molten gargoyle
   760 | D        | Reached skill level 15 in Unarmed Combat
   773 | D        | Killed a deep elf pyromancer
   773 | D        | Received a gift from Trog
   774 | D        | Reached skill level 1 in Throwing
   844 | D        | Noticed a death knight
   844 | D        | Noticed an orc knight
   844 | D        | Noticed an orc sorcerer
   844 | D        | Noticed a minotaur
   844 | D        | Noticed a merfolk javelineer
   844 | D        | Noticed a merfolk
   845 | D        | Noticed a two-headed ogre
   867 | D        | Killed a death knight
   868 | D        | Reached skill level 10 in Dodging
   868 | D        | Reached skill level 16 in Unarmed Combat
   870 | D        | Killed a two-headed ogre
   871 | D        | Reached XP level 10. HP: 67/113 MP: 9/9
   912 | D        | Killed a minotaur
   913 | D        | Reached skill level 17 in Unarmed Combat
   924 | D        | Killed an orc knight
   981 | D        | Noticed a fire crab
   990 | D        | Killed a fire crab
  1035 | D        | Noticed a minotaur
  1074 | D        | HP: 5/114 [minotaur/+0 dagger (31)]
  1074 | D        | Mangled by a minotaur

Illustrated notes

Levels and vault maps discovered:
D:        pitsprint [storerooms_1, entrance_room_1, metal_vault_6, armoury_3,
          mini_pit_1, grid_room_1, main_hall_1, silver_pit, the_coven_1,
          the_vestibule_1, steel_vault_5, golden_pit, hallway_of_sentries,
          crystal_vault_5, iron_vault_1, final_vault]

Skill      XL: |  1  2  3  4  5  6  7  8  9 10 |
---------------+-------------------------------+-----
Fighting       | 4 5 6 7 8 9 11 | 11.5
Dodging        | 4 5 6 7 8 9 10 11 | 11.2
Unarmed Combat | 6 7 8 10 11 13 16 17 | 17.8
Throwing       | 1 |  1.7
Stealth        | |  0.7

Action                     |  1- 3 |  4- 6 |  7- 9 | 10-12 || total
---------------------------+-------+-------+-------+-------++-------
  Melee: Unarmed           |    15 |    27 |    35 |    19 ||    96
         Punch             |       |     1 |     1 |     4 ||     6
  Throw: Stone             |       |       |     2 |       ||     2
 Invoke: Berserk           |       |     1 |     3 |       ||     4
         Brothers in Arms  |       |       |     4 |       ||     4
    Use: Potion            |       |     1 |     5 |     1 ||     7
         Scroll            |       |       |     1 |     1 ||     2
 Armour: Animal skin       |     9 |     7 |    13 |     5 ||    34
  Dodge: Dodged            |     5 |    17 |    20 |     9 ||    51

Table legend: (Time is in decaauts)
 A = Elapsed time spent in this place.
 B = Non-inter-level travel time spent in this place.
 C = Inter-level travel time spent in this place.
 D = Time resting spent in this place.
 E = Time spent auto-exploring this place.
 F = Levels seen in this place.
 G = Mean time per level.
                   A        B        C        D        E       F      G
               +--------+--------+--------+--------+--------+-----+--------+
         Total |   1095 |   1093 |      2 |    431 |    212 |   1 | 1095.0 |
       Dungeon |   1095 |   1093 |      2 |    431 |    212 |   1 | 1095.0 |
               +--------+--------+--------+--------+--------+-----+--------+

Top non-repeatable levels by time:
       D: 1095 daAuts
